 Dungeon Crawl Stone Soup version 0.28.0-43-g3370ac3207 (webtiles) character file.

Game seed: 10933574909197705305

3225 diecastcamel the Blocker (level 9, -3/111 HPs)
             Began as a Gnoll Fighter on Mar 1, 2022.
             Was an Initiate of Makhleb.
             Slain by a wyvern (12 damage)
             ... on level 8 of the Dungeon.
             The game lasted 00:47:02 (8011 turns).

diecastcamel the Blocker (Gnoll Fighter)            Turns: 8011, Time: 00:47:02

Health: -3/111     AC: 24    Str: 19    XL:     9   Next: 98%
Magic:  16/16      EV:  2    Int:  7    God:    Makhleb [......]
Gold:   394        SH:  8    Dex: 13    Spells: 16/17 levels left

rFire   . . .      SeeInvis .   v - +0 whip (freeze)
rCold   + . .      Faith    .   q - +2 buckler
rNeg    . . .      Spirit   .   (armour currently unavailable)
rPois   +          Reflect  .   (helmet currently unavailable)
rElec   .          Harm     .   (cloak currently unavailable)
rCorr   .          Rampage  .   (gloves currently unavailable)
Will    .....      NoTele   +   (boots currently unavailable)
Stlth   +++.......              (no amulet)
HPRegen 0.28/turn               C - ring of protection from cold
MPRegen 0.15/turn               (no ring)

@: tree-form
A: stationary, stasis, torment immunity, boosted hp, (fangs 1), strong nose,
distributed training
a: Renounce Religion


You were on level 8 of the Dungeon.
You worshipped Makhleb.
Makhleb was noncommittal.
You were a tree.
You visited 2 branches of the dungeon, and saw 9 of its levels.

You collected 394 gold pieces.

Inventory:

Hand Weapons
 a - a +0 long sword
 v - a +0 whip of freezing (weapon)
Missiles
 b - 2 javelins
 e - 229 stones (quivered)
 u - a throwing net
Armour
 f - a +0 pair of gloves (melded)
 i - a +0 pair of boots (melded)
 j - a +0 helmet (melded)
 q - a +2 buckler (worn)
 x - a +0 plate armour (melded)
 A - a +0 chain mail
 B - +0 steam dragon scales
Jewellery
 r - a ring of ice
 C - a ring of protection from cold (left branch)
Wands
 t - a wand of charming (10)
Scrolls
 k - a scroll of teleportation
 l - 2 scrolls of amnesia
 m - a scroll of magic mapping
 n - a scroll of enchant weapon
 y - a scroll of brand weapon
 z - a scroll of holy word {unknown}
 D - a scroll of torment {unknown}
 E - a scroll of identify
Potions
 c - a potion of ambrosia {unknown}
 d - a potion of brilliance {unknown}
 g - a potion of cancellation
 h - 4 potions of curing
 o - a potion of magic
 s - 3 potions of lignification
 w - 2 potions of flight {unknown}
 F - a potion of heal wounds {unknown}


   Skills:
 + Level 8.2 Fighting
 + Level 4.7 Short Blades
 + Level 6.7 Long Blades
 + Level 4.7 Axes
 + Level 4.7 Maces & Flails
 + Level 4.7 Polearms
 + Level 4.7 Staves
 + Level 4.7 Slings
 + Level 4.7 Bows
 + Level 4.7 Crossbows
 + Level 4.7 Throwing
 + Level 8.2 Armour
 + Level 4.7 Dodging
 + Level 4.7 Stealth
 + Level 8.2 Shields
 + Level 4.7 Unarmed Combat
 + Level 4.7 Spellcasting
 + Level 3.9 Conjurations
 + Level 3.9 Hexes
 + Level 3.9 Summonings
 + Level 3.9 Necromancy
 + Level 3.9 Translocations
 + Level 3.9 Transmutations
 + Level 3.9 Fire Magic
 + Level 3.9 Ice Magic
 + Level 3.9 Air Magic
 + Level 3.9 Earth Magic
 + Level 3.9 Poison Magic
 + Level 5.2 Invocations
 + Level 4.7 Evocations


You had 16 spell levels left.
You knew the following spells:

 Your Spells              Type           Power      Damage    Failure   Level
a - Summon Small Mammal   Summ           28%        N/A       7%          1

Your spell library contained the following spells:

 Spells                   Type           Power      Damage    Failure   Level
 Animate Skeleton         Necr           14%        N/A       7%          1
 Apportation              Tloc           14%        N/A       7%          1
 Pain                     Necr           28%        1d5       7%          1
 Sublimation of Blood     Necr           7%         N/A       11%         2
 Wereblood                Tmut           7%         N/A       11%         2
 Gell's Gravitas          Tloc           7%         N/A       22%         3
 Summon Guardian Golem    Hex/Summ       7%         N/A       22%         3
 Teleport Other           Tloc           7%         N/A       22%         3
 Agony                    Necr           7%         N/A       89%         5
 Excruciating Wounds      Necr           3%         N/A       89%         5
 Dispersal                Tloc           3%         N/A       100%        6
 Orb of Destruction       Conj           3%         9d5       100%        7
 Spellforged Servitor     Conj/Summ      3%         N/A       100%        7
 Summon Hydra             Summ           3%         N/A       100%        7


Dungeon Overview and Level Annotations

Branches:
Dungeon (8/15)             Temple (1/1) D:5
   Lair: D:8-11

Altars:
Ashenzari
Cheibriados
Dithmenos
Elyvilon
Fedhas
Hepliaklqana
Kikubaaqudgha
Makhleb
Nemelex Xobeh
Qazlal
Uskayaw
Wu Jian
Xom
Yredelemnul
Zin

Shops:
D:3 =

Portals:
Bailey: D:8


Innate Abilities, Weirdness & Mutations

You are a tree.
Your roots penetrate the ground, keeping you stationary.
You cannot be teleported.
You are immune to unholy pain and torment.
Your maximum health is greatly increased.
Your equipment is partially melded.
((You have very sharp teeth.))
Your uncanny sense of smell can sniff out nearby items.
Your experience applies equally to all skills.


Message History

The wyvern is severely wounded.
The wyvern bites you but does no damage.
You block the wyvern's attack.
You barely miss the wyvern.
The wyvern is severely wounded.
The wyvern bites you but does no damage.
You closely miss the wyvern.
The wyvern is severely wounded.
The wyvern bites you but does no damage.
You closely miss the wyvern.
The wyvern is severely wounded.
The wyvern bites you.
* * * LOW HITPOINT WARNING * * *
You block the wyvern's attack.
You barely miss the wyvern.
The wyvern is severely wounded.
The wyvern bites you.
* * * LOW HITPOINT WARNING * * *
You hit the wyvern. You freeze the wyvern.
The wyvern is almost dead.
The wyvern bites you!
* * * LOW HITPOINT WARNING * * *
You closely miss the wyvern.
The wyvern is almost dead.
The wyvern bites you but does no damage. x2
You closely miss the wyvern.
The wyvern is almost dead.
The wyvern bites you.
* * * LOW HITPOINT WARNING * * *
You barely miss the wyvern.
The wyvern is almost dead.
The wyvern bites you but does no damage.
You block the wyvern's attack.
You hit the wyvern but do no damage.
The wyvern is almost dead.
You block the wyvern's attack.
You barely miss the wyvern.
The wyvern is almost dead.
The wyvern bites you!
You die...

#..# ##...# ******** ...#
#....## ***,,,,,,, .§.##
#.....# ***,,,*,,,,,
.#l.## ##[....##
**,,,****,,,,
####.###...(...## *,,,**
*,,,, * ##..l....##..###
**,** *,,*, *
#...###..##...# *,* *,**,
** ##..# ##......# *,*
****** ,***#...#*
##..l♣.# **,* *,* *
*,*#..#..** ##...##**,,**
*,* ** *,...####.**
#####*,,,,,****,***,
*#...*
*#.******,,,,,,,,**,,,**,
#....*
*..,,,,,,,,**,,,,*,,,,,,
.##.,*
**,,,,,,,,,****,,****,,,,
****,****,,,,,,,,,,* ****
***** *,,,*,,,****,,,,,*
**,**,,*** **,,,,*


You could see a wyvern.

Vanquished Creatures
  Pikel (D:5)
  A centaur zombie (D:7)
  A troll (D:7)
  2 steam dragons (D:6)
  Menkaure (D:6)
  2 water moccasins (D:6)
  A black bear (D:7)
  A sky beast (D:4)
  A necrophage (D:6)
  5 ogres
  A lemure (D:5)
  2 phantoms (D:5)
  A centaur (D:5)
  A water moccasin zombie (D:5)
  A water moccasin skeleton (D:7)
  4 hounds
  A centaur skeleton (D:4)
  A jelly (D:4)
  A bullfrog skeleton (D:6)
  A gnoll shaman (D:6)
  2 iguanas
  A scorpion zombie (D:5)
  Natasha (D:2)
  An orc wizard (D:5)
  A killer bee zombie (D:6)
  Robin (D:2)
  A howler monkey zombie (D:8)
  4 adders
  6 gnolls
  A shadow imp (D:7)
  An adder skeleton (D:4)
  2 worms (D:4)
  2 dart slugs (D:4)
  6 orcs
  6 ball pythons
  4 bats
  5 endoplasms
  2 giant cockroaches
  13 goblins
  11 hobgoblins
  4 jackals (D:3)
  3 quokkas
  2 frilled lizards
  5 kobolds
  2 rats
117 creatures vanquished.

Notes
Turn   | Place    | Note
-------+----------+-------------------------------------------
     0 | D:1      | diecastcamel the Gnoll Fighter began the quest for the Orb.
     0 | D:1      | Reached XP level 1. HP: 23/23 MP: 1/1
   276 | D:1      | Reached XP level 2. HP: 22/29 MP: 2/2
   708 | D:1      | Found a faded altar of an unknown god.
   991 | D:2      | Noticed Robin
  1022 | D:2      | Killed Robin
  1023 | D:2      | Reached XP level 3. HP: 30/35 MP: 3/3
  1043 | D:2      | Reached skill level 1 in Invocations
  1212 | D:2      | Reached skill level 1 in Short Blades
  1212 | D:2      | Reached skill level 1 in Axes
  1212 | D:2      | Reached skill level 1 in Maces & Flails
  1212 | D:2      | Reached skill level 1 in Polearms
  1212 | D:2      | Reached skill level 1 in Staves
  1212 | D:2      | Reached skill level 1 in Slings
  1212 | D:2      | Reached skill level 1 in Bows
  1212 | D:2      | Reached skill level 1 in Crossbows
  1212 | D:2      | Reached skill level 1 in Throwing
  1212 | D:2      | Reached skill level 1 in Dodging
  1212 | D:2      | Reached skill level 1 in Stealth
  1212 | D:2      | Reached skill level 1 in Unarmed Combat
  1212 | D:2      | Reached skill level 1 in Spellcasting
  1212 | D:2      | Reached skill level 1 in Evocations
  1393 | D:2      | Reached XP level 4. HP: 41/41 MP: 5/5
  1523 | D:2      | Noticed Natasha
  1536 | D:2      | Killed Natasha
  1546 | D:2      | Reached skill level 1 in Conjurations
  1546 | D:2      | Reached skill level 1 in Hexes
  1546 | D:2      | Reached skill level 1 in Summonings
  1546 | D:2      | Reached skill level 1 in Necromancy
  1546 | D:2      | Reached skill level 1 in Translocations
  1546 | D:2      | Reached skill level 1 in Transmutations
  1546 | D:2      | Reached skill level 1 in Fire Magic
  1546 | D:2      | Reached skill level 1 in Ice Magic
  1546 | D:2      | Reached skill level 1 in Air Magic
  1546 | D:2      | Reached skill level 1 in Earth Magic
  1546 | D:2      | Reached skill level 1 in Poison Magic
  1654 | D:2      | Learned a level 1 spell: Summon Small Mammal
  1809 | D:3      | Found Guzogett's Jewellery Shop.
  2523 | D:4      | Noticed an ogre
  2533 | D:3      | Reached XP level 5. HP: 45/47 MP: 6/6
  2702 | D:4      | Noticed a sky beast
  2773 | D:4      | Killed a sky beast
  2774 | D:4      | Reached skill level 5 in Long Blades
  2774 | D:4      | Reached XP level 6. HP: 53/53 MP: 8/8
  3083 | D:4      | Reached XP level 7. HP: 26/59 MP: 10/10
  3767 | D:5      | Entered Level 5 of the Dungeon
  3999 | D:5      | Found a staircase to the Ecumenical Temple.
  4017 | Temple   | Entered the Ecumenical Temple
  4190 | Temple   | Became a worshipper of Makhleb the Destroyer
  4395 | D:5      | Reached XP level 8. HP: 64/67 MP: 12/12
  4586 | D:5      | Noticed Pikel
  4600 | D:5      | Killed Pikel
  5359 | D:6      | Noticed Menkaure
  5361 | D:6      | Reached XP level 9. HP: 26/73 MP: 14/14
  5586 | D:6      | Identified a scroll of acquirement
  5607 | D:6      | Acquired a book of Dangerous Friends
  5837 | D:6      | Killed Menkaure
  7344 | D:7      | Reached skill level 5 in Invocations
  7483 | D:7      | Noticed a troll
  7494 | D:7      | Killed a troll
  7969 | D:8      | Found a flagged portal.
  8011 | D:8      | Slain by a wyvern

Illustrated notes

Levels and vault maps discovered:
D:1:      sevenhm_arrival_forest_fort_small_5, layout_loops_ring,
          shapermc_ecumenical_altar_notcrosses, serial_bayou_lagoon_a
D:2:      layout_loops_ring, st_stairs_7, minmay_liquid_box,
          minmay_misc_feat_hallway, minivault_23, uniq_robin, uniq_natasha
D:3:      layout_basic, serial_shops, shop, kennysheep_generic_room_6
D:4:      layout_rooms, cheibrodos_sewer_entry_bend
D:5:      layout_loops_ring, minmay_temple_entry_glass, uniq_pikel
D:6:      layout_cave_pools, uniq_menkaure
D:7:      layout_loops_ring
D:8:      layout_layer_cave, enter_bailey_6, uniq_psyche
Temple:   regret_index_temple_waves

Skill      XL: |  1  2  3  4  5  6  7  8  9 |
---------------+----------------------------+-----
Invocations    | 1 2 3 4 5 |  5.2
Short Blades   | 1 2 3 4 |  4.7
Axes           | 1 2 3 4 |  4.7
Maces & Flails | 1 2 3 4 |  4.7
Polearms       | 1 2 3 4 |  4.7
Staves         | 1 2 3 4 |  4.7
Slings         | 1 2 3 4 |  4.7
Bows           | 1 2 3 4 |  4.7
Crossbows      | 1 2 3 4 |  4.7
Throwing       | 1 2 3 4 |  4.7
Dodging        | 1 2 3 4 |  4.7
Stealth        | 1 2 3 4 |  4.7
Unarmed Combat | 1 2 3 4 |  4.7
Spellcasting   | 1 2 3 4 |  4.7
Evocations     | 1 2 3 4 |  4.7
Conjurations   | 1 2 3 |  3.9
Hexes          | 1 2 3 |  3.9
Summonings     | 1 2 3 |  3.9
Necromancy     | 1 2 3 |  3.9
Translocations | 1 2 3 |  3.9
Transmutations | 1 2 3 |  3.9
Fire Magic     | 1 2 3 |  3.9
Ice Magic      | 1 2 3 |  3.9
Air Magic      | 1 2 3 |  3.9
Earth Magic    | 1 2 3 |  3.9
Poison Magic   | 1 2 3 |  3.9
Long Blades    | 5 6 |  6.7
Fighting       | 7 8 |  8.2
Armour         | 7 8 |  8.2
Shields        | 7 8 |  8.2

Action                   |  1- 3 |  4- 6 |  7- 9 || total
-------------------------+-------+-------+-------++-------
Melee: Long sword        |    88 |    27 |       ||   115
       Bite              |     3 |    22 |    53 ||    78
       Whip              |       |   141 |   469 ||   610
Throw: Stone             |       |    58 |    72 ||   130
       Javelin           |       |     6 |    15 ||    21
  Use: Scroll            |       |     7 |     8 ||    15
       Potion            |       |       |     3 ||     3
Armor: Scale mail        |    44 |    65 |    19 ||   128
       Plate armour      |       |       |   230 ||   230
       Skin              |       |       |    12 ||    12
Dodge: Dodged            |    36 |    56 |   117 ||   209
Block: Buckler           |    25 |    59 |   143 ||   227
